 Dungeon Crawl Stone Soup version 0.30.0-29-ga12c61a403 (webtiles) character file.

Game seed: 9933570907161693766

3184 ChadusMaximus the Summoner (level 9, -3/57 HPs)
             Began as a Barachi Summoner on June 24, 2023.
             Engulfed by a steam dragon's steam (9 damage)
             ... on level 7 of the Dungeon.
             The game lasted 00:10:34 (7579 turns).

ChadusMaximus the Summoner (Barachi Summoner)       Turns: 7579, Time: 00:10:34

Health: -3/57      AC:  8    Str: 10    XL:     9   Next: 95%
Magic:  18/20      EV: 14    Int: 25    God:
Gold:   324        SH:  0    Dex: 13    Spells: 13/23 levels left

rFire   . . .        v - +2 war axe (flame)
rCold   . . .        (no shield)
rNeg    . . .        a - +0 robe
rPois   .            (no helmet)
rElec   .            (no cloak)
rCorr   .            D - +0 pair of gloves
SInv    .            d - +0 pair of boots
Will    .....        l - amulet of magic regeneration
Stlth   +            m - +6 ring of intelligence
HPRegen 0.29/turn    p - +4 ring of protection
MPRegen 0.57/turn

%: no passive effects
@: confused, unable to hop, slow
A: amphibious, slowness 1, strong legs 1, +LOS
a: Hop


You were on level 7 of the Dungeon.
You visited 2 branches of the dungeon, and saw 8 of its levels.

You collected 324 gold pieces.

Inventory:

Hand Weapons
 e - a +0 dagger
 v - a +2 war axe of flaming (weapon)
Missiles
 u - 2 throwing nets
Armour
 a - a +0 robe (worn)
 d - a +0 pair of boots (worn)
 s - +0 shadow dragon scales
 D - a +0 pair of gloves (worn)
Jewellery
 j - an amulet of faith
 l - an amulet of magic regeneration (around neck)
 m - a +6 ring of intelligence (left hand)
 p - a +4 ring of protection (right hand)
 x - a ring of wizardry
 z - a +5 ring of evasion
 F - a +5 ring of evasion
 J - a ring of willpower
Scrolls
 g - 4 scrolls of vulnerability
 h - 3 scrolls of enchant armour {unknown}
 o - a scroll of noise {unknown}
 q - 2 scrolls of identify
 r - 3 scrolls of teleportation {unknown}
 y - a scroll of enchant weapon {unknown}
 B - a scroll of blinking {unknown}
 E - a scroll of poison {unknown}
 H - a scroll of fear {unknown}
 K - a scroll of torment {unknown}
 L - a scroll of immolation {unknown}
Potions
 b - 2 potions of magic
 c - 2 potions of cancellation
 f - 3 potions of ambrosia {unknown}
 i - 2 potions of flight {unknown}
 k - a potion of attraction {unknown}
 n - a potion of resistance {unknown}
 t - a potion of invisibility {unknown}
 w - 2 potions of curing {unknown}
 A - a potion of berserk rage {unknown}
 C - 2 potions of mutation {unknown}
 G - a potion of degeneration {unknown}
 I - a potion of heal wounds {unknown}


   Skills:
 - Level 5.2 Dodging
 - Level 1.9 Stealth
 + Level 7.8 Spellcasting
 * Level 13.2 Summonings


You had 13 spell levels left.
You knew the following spells:

 Your Spells              Type           Power      Damage    Failure   Level
a - Summon Small Mammal   Summ           100%       N/A       1%          1
b - Call Canine Familiar  Summ           66%        N/A       1%          3
c - Call Imp              Summ           100%       N/A       1%          2
d - Summon Lightning Spi  Summ/Air       42%        N/A       4%          4

Your spell library contained the following spells:

 Spells                   Type           Power      Damage    Failure   Level
 Summon Guardian Golem    Hex/Summ       42%        N/A       1%          3
 Magic Dart               Conj           36%        1d4       6%          1
 Ignite Poison            Fire/Tmut/Pois 9%         N/A       19%         3
 Mephitic Cloud           Conj/Pois/Air  9%         N/A       19%         3
 Sticky Flame             Conj/Fire      9%         2d3       52%         4
 Ignition                 Fire           4%         3d4       100%        8


Dungeon Overview and Level Annotations

Branches:
Dungeon (7/15)             Temple (1/1) D:4

Altars:
Ashenzari
Cheibriados
Dithmenos
Elyvilon
Fedhas
Gozag
Kikubaaqudgha
Makhleb
Nemelex Xobeh
Okawaru
Qazlal
Ru
Sif Muna
Trog
Vehumet
Wu Jian
Xom
Yredelemnul
Zin
The Shining One

Shops:
D:4 [

Annotations:
D:7 Pikel


Innate Abilities, Weirdness & Mutations

You are amphibious.
You cover ground slowly.
You can hop short distances.
You have an extended range of vision and can be seen from far away.


Message History

You hear some strange, mumbled words.
A puff of flame appears from out of thin air!
The puff of flame hits you.
The steam dragon closely misses your cerulean imp.
The steam dragon claws your cerulean imp but does no damage.
You see here a +0 club.
Unknown command.
Your wolf barely misses something.
A magic dart appears from out of thin air!
The magic dart hits your cerulean imp! The steam dragon breathes steam at you.
The ball of steam hits your wolf!!
Your wolf dies!
Your wolf's corpse disappears in a puff of smoke!
The ball of steam hits your cerulean imp.
Your cerulean imp dies!
Your cerulean imp disappears in a puff of smoke!
The ball of steam hits you!
You see here a +0 club.
Hop to where?
Press: ? - help, Dir - move target Boing!
The steam dragon breathes steam at you. The ball of steam hits you!
* * * LOW HITPOINT WARNING * * *
Your rat closely misses the steam dragon.
Unknown command.
As you read the scroll labelled YGUTAXKABE, it crumbles to dust.
It is a scroll of identify.
g - 4 scrolls of vulnerability You are engulfed in a cloud of scalding steam.
You hear some strange, mumbled words.
You are confused.
The steam dragon barely misses you. The steam dragon closely misses you.
Your rat bites the steam dragon but does no damage.
It was a potion of cancellation.
Your magical effects are unravelling.
You feel magically purged.
You are engulfed in a cloud of scalding steam.
You die...

... #.....#....#
.... #..).. ...#
....###..>.##...##
..........).)....#
#......§.)...$...#
.........§<.....# #
.......8§§.)....#.#
........§........#
......(.@....!....#
........D{...##...#
..##....r..○.# (...
#......)..# ...
#.#..............
#.........#......
#.$(.....##.....
#.###...... .....
... ...#.... ....


You could see a steam dragon (ally target), a friendly lightning spire
(summoned) and a friendly rat (summoned).

Vanquished Creatures
  An ice beast (D:6)
  A hound (D:5)
  An orc priest (D:6)
  A jelly (D:5)
  An iguana (D:6)
  A sleepcap (D:6)
  5 adders
  A white imp (D:5)
  A worm (D:2)
  4 dart slugs
  5 orcs
  6 ball pythons
  7 endoplasms
  3 giant cockroaches
  3 goblins
  5 hobgoblins
  4 kobolds
  4 quokkas
  2 bats
  A frilled lizard (D:3)
  4 rats
61 creatures vanquished.

Vanquished Creatures (collateral kills)
  A cyclops (D:7)
  Prince Ribbit (D:7)
  Grinder (D:6)
  A shadow (D:7)
  A steam dragon (D:7)
  Menkaure (D:5)
  2 water moccasins (D:6)
  2 orc warriors (D:7)
  A black bear (D:5)
  A phantom (D:7)
  A centaur (D:5)
  An ogre (D:6)
  3 kobold brigands
  2 scorpions (D:6)
  A howler monkey (D:5)
  3 orc priests
  2 hounds
  2 jellies
  3 iguanas (D:6)
  6 orc wizards
  11 adders
  3 white imps
  An ufetubus (D:6)
  3 worms
  21 orcs
  An endoplasm (D:3)
  2 giant cockroaches
  2 goblins (D:3)
  A hobgoblin (D:1)
  A quokka (D:3)
  2 ball pythons (D:1)
  2 bats (D:3)
  A frilled lizard (D:2)
  10 kobolds
  A rat (D:2)
98 creatures vanquished.

Vanquished Creatures (others)
  An ufetubus (D:7)
1 creature vanquished.

Grand Total: 160 creatures vanquished

Notes
Turn   | Place    | Note
-------+----------+-------------------------------------------
     0 | D:1      | ChadusMaximus the Barachi Summoner began the quest for the
                  | Orb.
     0 | D:1      | Reached XP level 1. HP: 13/13 MP: 3/3
   316 | D:1      | Reached skill level 5 in Summonings
   316 | D:1      | Reached XP level 2. HP: 11/19 MP: 5/5
  1105 | D:1      | Reached XP level 3. HP: 18/24 MP: 4/6
  1455 | D:2      | Learned a level 3 spell: Call Canine Familiar
  1458 | D:2      | Learned a level 2 spell: Call Imp
  1764 | D:2      | Reached XP level 4. HP: 26/30 MP: 5/8
  2167 | D:2      | Reached skill level 6 in Summonings
  2438 | D:2      | Found a faded altar of an unknown god.
  2946 | D:3      | Reached XP level 5. HP: 35/35 MP: 9/9
  3541 | D:4      | Found Waxoc's Armour Shoppe.
  3567 | D:4      | Found an ancient bone altar of Kikubaaqudgha.
  3621 | D:4      | Found a staircase to the Ecumenical Temple.
  3693 | Temple   | Entered the Ecumenical Temple
  3935 | D:4      | Noticed a kobold brigand
  3944 | D:4      | Killed a kobold brigand
  3945 | D:4      | Reached skill level 7 in Summonings
  3945 | D:4      | Reached XP level 6. HP: 41/41 MP: 9/11
  4317 | D:5      | Entered Level 5 of the Dungeon
  4325 | D:5      | Noticed a black bear
  4345 | D:5      | Killed a black bear
  4683 | D:5      | Reached XP level 7. HP: 31/46 MP: 13/13
  4795 | D:5      | Reached skill level 8 in Summonings
  5124 | D:5      | Noticed Menkaure
  5135 | D:5      | Killed Menkaure
  5268 | D:5      | Reached skill level 5 in Dodging
  5473 | D:6      | Reached XP level 8. HP: 32/52 MP: 15/15
  5552 | D:6      | Reached skill level 9 in Summonings
  5554 | D:6      | Reached skill level 5 in Spellcasting
  5869 | D:6      | Noticed Grinder
  5892 | D:6      | Killed Grinder
  5893 | D:6      | Reached skill level 10 in Summonings
  6342 | D:6      | Reached skill level 11 in Summonings
  6342 | D:6      | Reached XP level 9. HP: 41/57 MP: 18/18
  6501 | D:7      | Noticed a cyclops
  6597 | D:6      | Learned a level 4 spell: Summon Lightning Spire
  7029 | D:7      | Noticed Prince Ribbit
  7034 | D:7      | Killed Prince Ribbit
  7035 | D:7      | Reached skill level 12 in Summonings
  7311 | D:7      | Noticed Pikel
  7485 | D:7      | Killed a cyclops
  7527 | D:7      | Reached skill level 13 in Summonings
  7579 | D:7      | Engulfed by a steam dragon's steam

Illustrated notes

Levels and vault maps discovered:
D:1:      dpeg_arrival_brainrot, layout_loops_corners
D:2:      layout_basic, dreamdust_ecumenical_altar_sealed_demon
D:3:      layout_basic, serial_glass, glass_columns_c, glass_columns_c
D:4:      layout_loops_cross, mainiacjoe_overflow_surrounded_room,
          minmay_temple_entry_statues_pillars, serial_shops, shop
D:5:      layout_basic, serial_glass, glass_columns_a, glass_columns_a,
          glass_columns_a, glass_columns_b, uniq_menkaure
D:6:      minmay_razor_zed, layout_rooms, uniq_grinder
D:7:      layout_cave_pools, gammafunk_temple_overflow_statue,
          minmay_manual_mess, uniq_crazy_yiuf_cottage, uniq_pikel,
          uniq_prince_ribbit1
Temple:   hellmonk_temple_of_storms

Skill      XL: |  1  2  3  4  5  6  7  8  9 |
---------------+----------------------------+-----
Summonings     | 5 6 7 8 11 13 | 13.2
Dodging        | 3 4 5 |  5.2
Spellcasting   | 3 4 6 7 |  7.8
Stealth        | |  1.9

Action                     |  1- 3 |  4- 6 |  7- 9 || total
---------------------------+-------+-------+-------++-------
  Melee: Unarmed           |    33 |       |       ||    33
         Dagger            |   101 |    92 |       ||   193
         Punch             |     1 |     2 |     1 ||     4
         War axe           |       |    55 |    50 ||   105
   Cast: Summon Small Mamm |    21 |     8 |    19 ||    48
         Call Imp          |     2 |    10 |    17 ||    29
         Call Canine Famil |     1 |    10 |    23 ||    34
         Summon Lightning  |       |       |    10 ||    10
Ability: Hop               |     1 |       |     4 ||     5
    Use: Potion            |     1 |       |     1 ||     2
         Scroll            |       |       |     1 ||     1
   Stab: Sleeping          |     5 |     2 |     1 ||     8
         Distracted        |     1 |     1 |       ||     2
 Armour: Robe              |    36 |    47 |    40 ||   123
  Dodge: Dodged            |    96 |   107 |    92 ||   295
